 Dungeon Crawl Stone Soup version 0.29.1-2-gbd0b4ee654 (webtiles) character file.

Game seed: 5524606277890884429

15 Raikaria the Trooper (level 2, -6/20 HPs)
             Began as a Gargoyle Fighter on Nov 23, 2022.
             Mangled by a gnoll
             ... wielding a +0 spear
              (7 damage)
             ... on level 1 of the Dungeon.
             The game lasted 00:01:25 (1112 turns).

Raikaria the Trooper (Gargoyle Fighter)             Turns: 1112, Time: 00:01:25

Health: -6/20      AC: 11    Str: 19    XL:     2   Next: 50%
Magic:  2/2        EV:  7    Int:  8    God:
Gold:   14         SH:  4    Dex:  9    Spells: 1/1 levels left

rFire   + . .      SeeInvis .   a - +0 flail
rCold   . . .      Faith    .   c - +0 buckler
rNeg    + . .      Spirit   .   j - +0 chain mail
rPois   ∞          Reflect  .   (no helmet)
rElec   +          Harm     .   (no cloak)
rCorr   .          Rampage  .   (no gloves)
Will    .....                   (no boots)
Stlth   ..........              (no amulet)
HPRegen 0.06/turn               f - ring of protection from fire
MPRegen 0.08/turn               (no ring)

@: no status effects
A: sickness immunity, AC +2, negative energy resistance 1, electricity
resistance, torment resistance 1, petrification resistance
a: no special abilities


You were on level 1 of the Dungeon.
You visited 1 branch of the dungeon, and saw 2 of its levels.

You collected 14 gold pieces.

Inventory:

Hand Weapons
 a - a +0 flail (weapon)
Armour
 b - a +0 scale mail
 c - a +0 buckler (worn)
 j - a +0 chain mail (worn)
Jewellery
 f - a ring of protection from fire (left hand)
Scrolls
 g - 3 scrolls of identify {unknown}
 i - a scroll of immolation {unknown}
 k - a scroll of amnesia {unknown}
Potions
 d - a potion of might
 e - a potion of degeneration {unknown}
 h - a potion of haste {unknown}


   Skills:
 + Level 3.8 Fighting
 + Level 2.5 Maces & Flails
 - Level 3.2 Armour
 - Level 3.2 Shields


You had one spell level left.
You didn't know any spells.
Your spell library was empty.

Dungeon Overview and Level Annotations

Branches:
Dungeon (2/15)

Altars:


Innate Abilities, Weirdness & Mutations

You are immune to sickness and miasma.
Your stone body is resilient. (AC +2)
You are immune to poison.
You resist negative energy. (rN+)
You are resistant to electric shocks. (rElec)
You are resistant to unholy torment.
You are immune to petrification.


Message History

A gnoll, a frilled lizard and a rat come into view.
The gnoll shouts!
The frilled lizard hisses angrily.
You barely miss the rat. The rat closely misses you.
The frilled lizard bites you but does no damage.
The rat bites you.
You barely miss the frilled lizard.
The frilled lizard bites you but does no damage.
You closely miss the frilled lizard.
The frilled lizard bites you but does no damage.
You closely miss the frilled lizard.
The frilled lizard bites you but does no damage.
The gnoll hits you from afar with a +0 spear. x2
The frilled lizard bites you but does no damage.
You sock the frilled lizard!
You kill the frilled lizard!
The gnoll completely misses you.
You barely miss the rat. The rat closely misses you.
The gnoll closely misses you.
You barely miss the rat. The rat bites you but does no damage.
The gnoll hits you from afar with a +0 spear.
The gnoll barely misses you. The rat bites you but does no damage.
You sock the rat!
You kill the rat!
You block the gnoll's attack. The gnoll hits you with a +0 spear.
You closely miss the gnoll. The gnoll hits you with a +0 spear.
You hit the gnoll.
The gnoll is moderately wounded.
You block the gnoll's attack. The gnoll hits you with a +0 spear.
You barely miss the gnoll.
The gnoll is moderately wounded.
The gnoll hits you with a +0 spear!
* * * LOW HITPOINT WARNING * * *
You hit the gnoll.
The gnoll is heavily wounded.
The gnoll hits you but does no damage.
You hit the gnoll.
The gnoll is heavily wounded.
The gnoll hits you but does no damage. The gnoll hits you with a +0 spear!
You die...

#########
#########.......#####
#............# .....
#.#######.##.##..####
#.# #.##.@g.....# #.#
#.#####....... ##.##
#.# ..#.>.. ###...###
#.. ....... #.......#
### #.#.. . #.#...#.#
####### ...)..
#.##.##.# #.....#
####.# #.##.##.#
#.....# .# #.##.##.##
#.....#


You could see a gnoll.

Vanquished Creatures
  An endoplasm (D:1)
  2 goblins (D:1)
  2 hobgoblins (D:1)
  2 jackals (D:1)
  3 kobolds (D:1)
  A ball python (D:1)
  A bat (D:1)
  A frilled lizard (D:1)
  A rat (D:1)
14 creatures vanquished.

Notes
Turn   | Place    | Note
-------+----------+-------------------------------------------
     0 | D:1      | Raikaria the Gargoyle Fighter began the quest for the Orb.
     0 | D:1      | Reached XP level 1. HP: 14/14 MP: 1/1
   345 | D:1      | Reached XP level 2. HP: 11/19 MP: 2/2
   718 | D:1      | HP: 1/20 [hobgoblin (3)]
  1110 | D:1      | HP: 1/20 [gnoll/+0 spear (8)]
  1112 | D:1      | Mangled by a gnoll

Illustrated notes

Levels and vault maps discovered:
D:1:      dpeg_arrival_shelter, layout_loops_cross, serial_aquarium,
          aquarium_bridge_straight [aquarium_subvault_bridge,
          aquarium_subvault_window, aquarium_subvault_bridge,
          aquarium_subvault_window], aquarium_bridge_square
          [aquarium_subvault_balcony, aquarium_subvault_wall,
          aquarium_subvault_bridge, aquarium_subvault_bridge],
          aquarium_window_3, aquarium_window_2, aquarium_window_fake,
          aquarium_view_2d, aquarium_balcony_3a, aquarium_pool_side,
          chequers_serial_rivers_room_a
D:2:      layout_basic, serial_bayou_pond_e

Action                   || total
-------------------------++-------
Melee: Flail             ||    63
Armor: Scale mail        ||    17
       Chain mail        ||    39
Dodge: Dodged            ||    32
Block: Buckler           ||    19
